 Dungeon Crawl Stone Soup version 0.30-a0-1116-gebefce21f7 (webtiles) character file.

Game seed: 12541236839396109674

121 BigDaddyOpFi the Digger (level 5, -5/22 HPs)
             Began as a Meteoran Earth Elementalist on Apr 21, 2023.
             Slain by a gnoll
             ... wielding a +0 halberd
             ... led by a gnoll bouda
              (13 damage)
             ... on level 3 of the Dungeon.
             The game lasted 00:03:33 (1939 turns).

BigDaddyOpFi the Digger (MeEE)                      Turns: 1939, Time: 00:03:33

Health: -5/22      AC:  4    Str:  9    XL:     5   Next: 51%
Magic:  8/11       EV: 13    Int: 19    God:
Gold:   178        SH:  0    Dex: 14    Spells: 7/11 levels left

rFire   . . .      SeeInvis .    o - +2 quarterstaff (chaos)
rCold   . . .      Faith    .    (shield currently unavailable)
rNeg    . . .      Spirit   .    a - +0 robe
rPois   .          Reflect  .    e - +0 helmet
rElec   .          Rampage  .    p - +0 cloak
rCorr   .                        (no gloves)
Will    .....                    (no boots)
Stlth   +                        (no amulet)
HPRegen 0.23/turn                (no ring)
MPRegen 0.12/turn                (no ring)

@: glowing
A: sense surroundings 1, otherworldly, glowing, explore regen
a: no special abilities


You were on level 3 of the Dungeon.
You visited 1 branch of the dungeon, and saw 3 of its levels.

You collected 178 gold pieces.

Inventory:

Hand Weapons
 d - a +0 dagger
 g - a +0 short sword
 o - a +2 quarterstaff of chaos (weapon)
Missiles
 k - 2 throwing nets
Armour
 a - a +0 robe (worn)
 e - a +0 helmet (worn)
 p - a +0 cloak (worn)
Wands
 j - a wand of polymorph (7)
Scrolls
 i - a scroll of identify {unknown}
 m - a scroll of poison {unknown}
 q - a scroll of amnesia {unknown}
 r - a scroll of magic mapping {unknown}
Potions
 b - a potion of magic
 c - a potion of brilliance {unknown}
 f - 2 potions of curing {unknown}
 h - a potion of lignification {unknown}
 l - a potion of heal wounds {unknown}
 n - 2 potions of attraction {unknown}


   Skills:
 + Level 3.3 Dodging
 + Level 2.0 Stealth
 + Level 3.5 Spellcasting
 - Level 1.1 Conjurations
 + Level 1.2 Translocations
 - Level 1.7 Transmutations
 + Level 1.2 Fire Magic
 + Level 4.3 Earth Magic


You had 7 spell levels left.
You knew the following spells:

 Your Spells              Type           Power      Damage    Failure   Level
a - Sandblast             Erth           38%        2d10      2%          1
b - Stone Arrow           Conj/Erth      26%        3d8       14%         3

Your spell library contained the following spells:

 Spells                   Type           Power      Damage    Failure   Level
 Passwall                 Tmut/Erth      11%        N/A       6%          2
 Beastly Appendage        Tmut           20%        N/A       7%          1
 Apportation              Tloc           16%        N/A       9%          1
 Wereblood                Tmut           10%        N/A       11%         2
 Necrotise                Necr           12%        1d4       14%         1
 Summon Small Mammal      Summ           12%        N/A       14%         1
 Volatile Blastmotes      Fire/Tloc      16%        2d11      26%         3
 Spider Form              Tmut/Pois      6%         N/A       30%         3
 Petrify                  Tmut/Erth      14%        N/A       38%         4
 Lee's Rapid Deconstruct  Erth           9%         3d7*      56%         5
 Iskenderun's Mystic Bla  Conj/Tloc      7%         2d4       65%         4
 Fulminant Prism          Conj/Hex       2%         3d5       75%         4
 Alistair's Intoxication  Tmut/Pois      4%         N/A       95%         5


Dungeon Overview and Level Annotations

Branches:
Dungeon (3/15) Zot: 221

Altars:


Innate Abilities, Weirdness & Mutations

You passively map a small area around you.
You are easily found by Zot.
You glow in the dark.
You regain HP and MP as you explore.


Message History

Things that are here:
a +0 dagger; a +0 sling; a goblin corpse No target in view!
You open the door.
There is an open door here.
You now have 178 gold pieces (gained 18).
There is an open door here.
Key pressed, stopping explore. 2 gnolls come into view.
The gnoll shouts! x2; You hear a shout!
The gnoll throws a stone.
The stone hits you.
The gnoll moves out of view.
A gnoll comes into view. It is wielding a +0 flail.
There are monsters nearby!
The gnoll misses you.
There are monsters nearby!
The gnoll hits you with a +0 halberd.
A gnoll bouda comes into view. It is wielding a +0 whip of freezing.
The gnoll misses you.
The blast of sand misses the gnoll.
The gnoll closely misses you.
A gnoll comes into view. It is wielding a +0 whip.
The gnoll bouda barks out a call to the hunt!
The gnolls pick up the pace!
The gnoll closely misses you.
You hear a shout! x2
The blast of sand hits the gnoll.
The gnoll is heavily wounded.
The gnoll shouts!
The gnoll barely misses you.
A kobold comes into view. It is wielding a +0 dagger.
The gnoll barely misses you. The gnoll closely misses you.
An orc comes into view. It is wielding a +0 flail.
The gnoll hits you from afar with a +0 halberd.
The gnoll barely misses you.
The blast of sand misses the gnoll.
The gnoll hits you with a +0 halberd. The gnoll closely misses you.
The gnoll bouda calls upon its god to heal the gnoll.
The gnoll is healed somewhat.
The gnoll hits you from afar with a +0 halberd!
Ouch! That really hurt!
You die...

, *
#...##############....
#.#.................##
.........#.####....## *
#.......#..###..).##
#.g.....##........## * *
.###......######.....##
*
.....g.........##....##
..####gg.######.##....#
,,
.o.K.'g@.'......####..##
..####...######## ##...
#.........# ######. *
#....####.# #......
#......<#.# #.##### *
##.#..###.# #.# # *
#......#.# #.#
###..#.#.# #.# * *
####.#.# #.# ###


You could see a gnoll bouda, 4 gnolls, an orc and a kobold.

Vanquished Creatures
  Crazy Yiuf (D:2)
  Jessica (D:2)
  An adder (D:2)
  2 worms
  3 ball pythons
  3 bats
  3 endoplasms (D:1)
  4 giant cockroaches
  10 goblins
  A hobgoblin (D:3)
  2 jackals (D:1)
  7 kobolds
  3 quokkas (D:1)
  4 frilled lizards (D:1)
  3 rats (D:1)
48 creatures vanquished.

Notes
Turn   | Place    | Note
-------+----------+-------------------------------------------
     0 | D:1      | BigDaddyOpFi the Meteoran Earth Elementalist began the
                  | quest for the Orb.
     0 | D:1      | Reached XP level 1. HP: 14/14 MP: 5/5
   157 | D:1      | Reached XP level 2. HP: 13/20 MP: 2/6
   225 | D:1      | Found a faded altar of an unknown god.
   266 | D:1      | Reached XP level 3. HP: 26/26 MP: 4/8
   278 | D:1      | Learned a level 3 spell: Stone Arrow
   482 | D:1      | Glimpsed the power of Zot.
   532 | D:1      | Glimpsed the power of Zot.
   572 | D:1      | Glimpsed the power of Zot.
   581 | D:1      | Touched by the power of Zot.
   619 | D:2      | Reached skill level 4 in Earth Magic
   648 | D:2      | Found a runed translucent door.
   649 | D:2      | Noticed Crazy Yiuf
   663 | D:2      | Reached skill level 1 in Conjurations
   950 | D:2      | Reached XP level 4. HP: 25/25 MP: 7/9
   969 | D:2      | Identified a scroll of acquirement
   969 | D:2      | Acquired a book of Blasting
  1251 | D:2      | Noticed Jessica
  1256 | D:2      | Killed Jessica
  1257 | D:2      | Reached skill level 1 in Fire Magic
  1257 | D:2      | Reached XP level 5. HP: 30/30 MP: 5/11
  1270 | D:2      | Glimpsed the power of Zot.
  1320 | D:2      | Glimpsed the power of Zot.
  1360 | D:2      | Glimpsed the power of Zot.
  1370 | D:2      | Touched by the power of Zot.
  1414 | D:2      | Killed Crazy Yiuf
  1415 | D:2      | Reached skill level 1 in Translocations
  1939 | D:3      | Slain by a gnoll

Illustrated notes

Levels and vault maps discovered:
D:1:      doesnt_arrival_eight_statues, layout_loops_ring,
          shapermc_ecumenical_altar_pompeii
D:2:      layout_loops_corners, hangedman_decor_peaks_small, uniq_jessica,
          uniq_crazy_yiuf_cottage
D:3:      layout_basic, nicolae_qazlal_eye_of_the_storm

Skill      XL: |  1  2  3  4  5 |
---------------+----------------+-----
Spellcasting   | 3 |  3.5
Earth Magic    | 4 |  4.3
Conjurations   | 1 |  1.1
Dodging        | 3 |  3.3
Fire Magic     | 1 |  1.2
Stealth        | 2 |  2.0
Translocations | 1 |  1.2
Transmutations | |  1.7

Action                     |  1- 3 |  4- 6 || total
---------------------------+-------+-------++-------
  Melee: Dagger            |     2 |       ||     2
         Short sword       |    14 |       ||    14
         Quarterstaff      |       |     8 ||     8
   Cast: Sandblast         |    50 |    26 ||    76
    Use: Scroll            |       |     3 ||     3
 Armour: Robe              |    23 |     4 ||    27
  Dodge: Dodged            |    29 |    24 ||    53

Table legend: (Time is in decaauts)
 A = Elapsed time spent in this place.
 B = Non-inter-level travel time spent in this place.
 C = Inter-level travel time spent in this place.
 D = Time resting spent in this place.
 E = Time spent auto-exploring this place.
 F = Levels seen in this place.
 G = Mean time per level.
                   A        B        C        D        E       F      G
               +--------+--------+--------+--------+--------+-----+--------+
         Total |   1978 |   1911 |     67 |    150 |   1427 |   3 |  659.3 |
       Dungeon |   1978 |   1911 |     67 |    150 |   1427 |   3 |  659.3 |
               +--------+--------+--------+--------+--------+-----+--------+

Top non-repeatable levels by time:
     D:2: 1027 daAuts
     D:1: 607 daAuts
     D:3: 343 daAuts
